 Dungeon Crawl Stone Soup version 0.27-a0-906-g0a00ce863d (webtiles) character file.

Game seed: 170281714352682922

32465 robertstho the Tortoise (level 13, -4/122 HPs)
             Began as a Minotaur Berserker on Apr 7, 2021.
             Was a High Priest of Trog.
             Slain by a seven-headed hydra (6 damage)
             ... on level 12 of the Dungeon.
             The game lasted 00:15:19 (13141 turns).

robertstho the Tortoise (Minotaur Berserker)       Turns: 13141, Time: 00:15:20

Health: -4/122     AC: 18    Str: 24    XL:     13   Next: 31%
Magic:  12/12      EV: 11    Int:  5    God:    Trog [*****.]
Gold:   2102       SH:  5    Dex: 12    Spells: 12/12 levels left

rFire    + + .     SeeInvis +   h - +14 obsidian axe {vorpal, Drain Fly SInv}
rCold    + . .     Faith    .   (no shield)
rNeg     . . .     Spirit   .   f - +0 chain mail
rPois    .         Reflect  +   (helmet restricted)
rElec    .         Harm     .   z - scarf {rC+ rF+}
rCorr    .         Rampage  .   g - +2 pair of gloves
Will     ++...                  d - +0 pair of boots
Stlth    ..........             l - amulet of reflection
HPRegen  1.30/turn              s - ring of protection from fire
MPRegen  0.13/turn              (no ring)

@: on berserk cooldown, flying, mesmerised, regenerating, slowed, very slow
A: horns 2, retaliatory headbutt
a: Renounce Religion, Berserk, Trog's Hand, Brothers in Arms


You were on level 12 of the Dungeon.
You worshipped Trog.
Trog was extremely pleased with you.
You visited 1 branch of the dungeon, and saw 12 of its levels.
You also visited: Bailey.

You collected 2102 gold pieces.

Inventory:

Hand Weapons
 h - the +14 obsidian axe (weapon) {vorpal, Drain Fly SInv}
   (You acquired it on level 10 of the Dungeon)

   It inflicts extra damage upon your enemies.
   It lets you see invisible.
   It grants you flight.
   It drains your maximum health when unequipped.
 v - a +2 hand axe of freezing
 S - a +3 scimitar of flaming
Missiles
 B - 11 curare-tipped darts
 D - 4 atropa-tipped darts
 E - a throwing net
Armour
 d - a +0 pair of boots (worn)
 f - a +0 chain mail (worn)
 g - a +2 pair of gloves (worn)
 j - a +1 cloak
 z - a scarf of resistance (worn)
Jewellery
 l - an amulet of reflection (around neck)
 s - a ring of protection from fire (left hand)
 C - a ring of ice
Wands
 w - a wand of digging (10)
 H - a wand of iceblast (5)
 R - a wand of acid (6)
Scrolls
 a - a scroll of silence
 i - 4 scrolls of teleportation
 k - 3 scrolls of fear
 o - 2 scrolls of blinking
 q - 3 scrolls of holy word
 u - a scroll of enchant armour {unknown}
 x - a scroll of immolation {unknown}
 y - 4 scrolls of fog
 F - a scroll of torment {unknown}
 G - a scroll of noise {unknown}
 I - a scroll of acquirement
 J - 2 scrolls of vulnerability
Potions
 b - a potion of lignification
 c - a potion of invisibility
 e - 2 potions of might
 m - 4 potions of haste
 n - 6 potions of mutation {unknown}
 p - a potion of brilliance {unknown}
 r - 5 potions of heal wounds
 t - 4 potions of magic
 A - 4 potions of flight
 N - 5 potions of curing
Miscellaneous
 Q - a lightning rod (4/4)


   Skills:
 * Level 13.2 Fighting
 + Level 13.7 Axes
 * Level 15.3 Armour
 + Level 6.8 Dodging
 + Level 1.3 Stealth
 + Level 6.5 Shields
 + Level 2.2 Evocations


You had 12 spell levels left.
You didn't know any spells.
Your spell library was empty.

Dungeon Overview and Level Annotations

Branches:
Dungeon (12/15)            Temple (0/1) D:6            Lair (0/6) D:10
    Orc (0/2) D:9          Bailey (visited)

Altars:
Ashenzari
Dithmenos
Elyvilon
Fedhas
Gozag
Hepliaklqana
Makhleb
Nemelex Xobeh
Okawaru
Qazlal
Sif Muna
Vehumet
Xom
Yredelemnul
Zin

Shops:
D:3 [   D:4 (


Innate Abilities, Weirdness & Mutations

You have a pair of horns on your head.
You reflexively headbutt those who attack you in melee.


Message History

You furiously retaliate!
You headbutt the yaktaur. The orc knight barely misses you.
The yaktaur barely misses you.
Unknown command.
Your skin crawls.
You feel strong-willed.
The deep elf pyromancer gestures wildly while chanting.
The orc knight hits you with a +0 broad axe!!
* * * LOW HITPOINT WARNING * * *
The yaktaur closely misses you. You furiously retaliate!
You headbutt the yaktaur.
Unknown command.
You slash the orc knight!
You kill the orc knight!
Trog accepts your kill.
You slash the yaktaur! You block the yaktaur's attack.
Unknown command.
You lop one of the six-headed hydra's heads off!
The five-headed hydra grows two more!
You slash the seven-headed hydra! You headbutt the seven-headed hydra.
The seven-headed hydra is moderately wounded.
You hit the yaktaur. You open a gate to Pandemonium!
A demon appears!
The yaktaur hits you but does no damage.
The seven-headed hydra bites you but does no damage. x2
The seven-headed hydra bites you!
* * * LOW HITPOINT WARNING * * *
The seven-headed hydra barely misses you.
The seven-headed hydra bites you but does no damage. x2
The seven-headed hydra bites you.
* * * LOW HITPOINT WARNING * * *
You block the yaktaur's attack. The seven-headed hydra bites you.
* * * LOW HITPOINT WARNING * * *
You block the seven-headed hydra's attack.
The seven-headed hydra barely misses you.
The seven-headed hydra bites you.
* * * LOW HITPOINT WARNING * * *
The seven-headed hydra closely misses you.
The seven-headed hydra bites you!
* * * LOW HITPOINT WARNING * * *
The seven-headed hydra bites you.
You die...

##≈...####...#.####.#
.#≈...'............... .
.#≈...####...#.####### ..
.#≈..## #..#...### ##.
##≈.## #........ .○○
≈≈≈.# #..###.###☼###.#
....# ##.#...).E.....e
#.## #.#.###c###.##.
..#########.'.#3@D.......
#.#........3#.#.###.###.#
....######..#.'3# ...
....# #.(#.#.# #.# ....#
#..+.#.+ ... #.#.#
#..#.#.# #.# ....#
#..#.+.# .. #.###
##.#.#.# #.# #.+.#.+


You could see a seven-headed hydra, a yaktaur (mesmerising, ally target), a fire
elemental (summoned), a friendly sun demon (summoned) and a friendly neqoxec
(summoned).

Vanquished Creatures
  A fire dragon (D:12)
  A hydra (D:11)
  A catoblepas (D:12)
  A rakshasa (D:12)
  A centaur warrior (D:12)
  Erica (D:9)
  2 two-headed ogres (D:11)
  3 death yaks (D:10)
  Sonja (D:11)
  Urug (D:11)
  Nergalle (D:11)
  2 orc knights
  A wizard (D:10)
  A deep elf pyromancer (D:10)
  2 ugly things
  A necromancer (D:12)
  5 manticores
  Maurice (D:11)
  Maggie (D:8)
  The ghost of KEN the Magician, a novice DjIE (D:5)
  A kobold demonologist (D:10)
  A yaktaur (D:12)
  An efreet (D:12)
  3 trolls
  Prince Ribbit (D:7)
  A shadow (D:11)
  3 wraiths
  2 steam dragons
  2 vampire mosquitoes (D:11)
  A water moccasin (D:5)
  6 orc warriors
  An ice beast (D:8)
  A black bear (D:2)
  A necrophage (D:5)
  A boggart (D:12)
  7 ogres
  A centaur (D:6)
  7 kobold brigands
  3 bullfrogs
  2 gnoll sergeants
  6 scorpions
  A wyvern zombie (D:6)
  21 killer bees
  2 howler monkeys
  4 centaur zombies
  3 hounds
  A jelly (D:8)
  3 orc priests
  3 gnoll shamans
  2 hell rats (D:10)
  2 iguanas
  5 orc wizards
  Natasha (thrice) (D:2)
  3 howler monkey zombies
  38 gnolls
  7 adders
  A shadow imp (D:5)
  An ufetubus (D:5)
  An adder zombie (D:5)
  2 worms (D:2)
  17 orcs
  6 ball pythons
  10 endoplasms
  3 giant cockroaches
  8 goblins
  19 hobgoblins
  18 jackals
  29 kobolds
  2 quokkas
  7 bats
  A frilled lizard (D:3)
  6 rats
310 creatures vanquished.

Vanquished Creatures (collateral kills)
  A cyclops (D:12)
  A meliai (D:12)
  3 vampire mosquitoes (D:11)
  An orc (D:12)
  A kobold (Bailey)
7 creatures vanquished.

Vanquished Creatures (others)
  3 orcs (D:6)
  3 plants (D:5)
6 creatures vanquished.

Grand Total: 323 creatures vanquished

Notes
Turn   | Place    | Note
-------+----------+-------------------------------------------
     0 | D:1      | robertstho the Minotaur Berserker began the quest for the
                  | Orb.
     0 | D:1      | Reached XP level 1. HP: 19/19 MP: 0/0
   184 | D:1      | Reached XP level 2. HP: 12/27 MP: 1/1
   385 | D:1      | You fall into a shaft and drop 1 floor!
   436 | D:1      | Reached XP level 3. HP: 30/33 MP: 2/2
   750 | D:1      | Reached ** piety under Trog
  1117 | D:2      | Noticed Natasha
  1128 | D:2      | Killed Natasha
  1129 | D:2      | Reached skill level 5 in Axes
  1129 | D:2      | Reached XP level 4. HP: 30/41 MP: 3/3
  1410 | D:2      | Found a faded altar of an unknown god.
  1518 | D:2      | Noticed Natasha
  1522 | D:2      | Killed Natasha
  1523 | D:2      | Reached skill level 3 in Armour
  1528 | D:2      | Noticed a black bear
  1539 | D:2      | Killed a black bear
  1540 | D:2      | Reached skill level 5 in Fighting
  1540 | D:2      | Reached XP level 5. HP: 23/48 MP: 4/4
  1808 | D:2      | Noticed Natasha
  1824 | D:2      | Killed Natasha
  2039 | D:3      | Reached skill level 4 in Armour
  2112 | D:3      | Reached XP level 6. HP: 56/56 MP: 5/5
  2300 | D:3      | Found Lyufipp's Armour Shoppe.
  2438 | D:4      | Reached *** piety under Trog
  2509 | D:4      | Reached skill level 5 in Armour
  2621 | D:4      | Found a hazy altar of Hepliaklqana.
  2705 | D:4      | Found a blossoming altar of Fedhas.
  2903 | D:4      | Found Popao's Antique Weapon Shop.
  2915 | D:5      | Entered Level 5 of the Dungeon
  2925 | D:5      | Reached XP level 7. HP: 61/61 MP: 6/6
  2930 | D:5      | Reached skill level 6 in Armour
  3310 | D:5      | Found a runed translucent door.
  3320 | D:5      | Reached skill level 1 in Shields
  3402 | D:5      | Noticed KEN's ghost (novice DjIE)
  3470 | D:5      | Reached skill level 7 in Armour
  3520 | D:5      | Reached XP level 8. HP: 69/71 MP: 7/7
  3955 | D:5      | Killed KEN's ghost
  4003 | D:6      | Reached skill level 8 in Armour
  4148 | D:6      | Reached **** piety under Trog
  4184 | D:6      | Found a staircase to the Ecumenical Temple.
  4871 | D:7      | Reached skill level 9 in Armour
  4871 | D:7      | Reached XP level 9. HP: 80/80 MP: 8/8
  5151 | D:7      | Noticed Prince Ribbit
  5159 | D:7      | Killed Prince Ribbit
  5224 | D:7      | Found a shimmering altar of Xom.
  5230 | D:7      | Found an opulent altar of Gozag.
  5454 | D:7      | Found a white marble altar of Elyvilon.
  5976 | D:8      | Found an iron altar of Okawaru.
  5987 | D:8      | Reached skill level 10 in Armour
  6214 | D:8      | Noticed a manticore
  6226 | D:8      | Killed a manticore
  6432 | D:8      | Reached ***** piety under Trog
  6501 | D:8      | Noticed a manticore
  6508 | D:8      | Killed a manticore
  6509 | D:8      | Reached XP level 10. HP: 54/91 MP: 9/9
  6779 | D:8      | Noticed Maggie
  6791 | D:8      | Killed Maggie
  6792 | D:8      | Reached skill level 10 in Axes
  6792 | D:8      | Reached skill level 11 in Armour
  6801 | D:8      | Found a burning altar of Makhleb.
  6804 | D:8      | Found a glowing silver altar of Zin.
  6804 | D:8      | Noticed an angel
  6804 | D:8      | Noticed a balrug
  6959 | D:8      | Noticed a red ugly thing
  6999 | D:8      | Killed a red ugly thing
  7396 | D:9      | Found a sparkling altar of Nemelex Xobeh.
  7420 | D:9      | Noticed Erica
  7468 | D:9      | Killed Erica
  7788 | D:9      | Found a basalt altar of Yredelemnul.
  7933 | D:9      | Found a broken altar of Ashenzari.
  7933 | D:9      | Found a shadowy altar of Dithmenos.
  7933 | D:9      | Found a shimmering blue altar of Sif Muna.
  7933 | D:9      | Found a radiant altar of Vehumet.
  8045 | D:9      | Found a stormy altar of Qazlal.
  8082 | D:9      | Found a staircase to the Orcish Mines.
  8116 | D:9      | Reached skill level 5 in Shields
  8118 | D:9      | Reached skill level 12 in Armour
  8122 | D:9      | Reached skill level 10 in Fighting
  8827 | D:10     | Entered Level 10 of the Dungeon
  8908 | D:10     | Noticed a death yak
  8910 | D:10     | Found a staircase to the Lair.
  8910 | D:10     | Noticed a death yak
  8911 | D:10     | Noticed a death yak
  8922 | D:10     | Killed a death yak
  8923 | D:10     | Reached XP level 11. HP: 78/101 MP: 10/10
  8931 | D:10     | Killed a death yak
  8933 | D:10     | Killed a death yak
  9267 | D:10     | Noticed a wizard
  9279 | D:10     | Killed a wizard
  9344 | D:10     | Reached skill level 13 in Armour
  9734 | D:10     | Noticed a deep elf pyromancer
  9747 | D:10     | Killed a deep elf pyromancer
 10047 | D:10     | Identified a scroll of acquirement
 10055 | D:10     | Acquired the +14 obsidian axe {vorpal, Drain Fly SInv}
 10056 | D:10     | Found the +14 obsidian axe {vorpal, Drain Fly SInv}
 10057 | D:10     | Reached XP level 12. HP: 112/112 MP: 11/11
 10087 | D:11     | Noticed Sonja
 10094 | D:11     | Killed Sonja
 10153 | D:11     | Noticed a two-headed ogre
 10156 | D:11     | Killed a two-headed ogre
 10157 | D:11     | Reached skill level 14 in Armour
 10188 | D:11     | Noticed a two-headed ogre
 10192 | D:11     | Killed a two-headed ogre
 10355 | D:11     | Noticed Urug
 10366 | D:11     | Killed Urug
 10826 | D:11     | Noticed Maurice
 10833 | D:11     | Killed Maurice
 10846 | D:11     | Noticed Nergalle
 10850 | D:11     | Killed Nergalle
 10859 | D:11     | Acquired 1338 gold pieces
 11057 | D:11     | Noticed a seven-headed hydra
 11062 | D:11     | Killed a ten-headed hydra
 11063 | D:11     | Reached skill level 1 in Stealth
 12025 | D:12     | Noticed a centaur warrior
 12029 | D:12     | Killed a centaur warrior
 12029 | D:12     | Received a gift from Trog
 12030 | D:12     | Reached XP level 13. HP: 118/119 MP: 12/12
 12033 | D:12     | Reached skill level 15 in Armour
 12053 | D:12     | Found a flagged portal.
 12078 | Bailey   | Entered a bailey
 13118 | D:12     | Noticed a fire dragon
 13131 | D:12     | Killed a fire dragon
 13141 | D:12     | HP: 2/122 [seven-headed hydra (8)]
 13141 | D:12     | Slain by a seven-headed hydra

Illustrated notes

Levels and vault maps discovered:
D:1:      dpeg_arrival_circle_labyrinth_c, layout_basic, st_stairs_11
D:2:      layout_rooms, chequers_ecumenical_altar_simple, uniq_natasha
D:3:      layout_rooms, serial_shops, nicolae_shop_stone, item_on_display_a
D:4:      layout_cave_pools, pf_just_have_faith, lemuel_tele_altar,
          serial_shops, kennysheep_mini, dk_rats_in_the_wall
D:5:      layout_loops_ring, ebering_ghost_sewer_d, serial_bayou,
          serial_bayou_shore_b, serial_bayou_lagoon_b, serial_bayou_lake_a,
          serial_bayou_pond_b, serial_bayou_crossing
D:6:      layout_basic, temple_hall
D:7:      layout_basic, old_standard_altar, jmf_multi_god_temple,
          dk_noncrumbling_4, st_stairs_9, kennysheep_another_room,
          uniq_prince_ribbit1
D:8:      layout_rooms, grunt_temple_overflow_order_and_chaos_2,
          overflow_temple_1_default, wad_mini_maze, uniq_maggie
D:9:      layout_irregular_city, chequers_temple_overflow_statue_of_worship,
          overflow_temple_1_default, general_overflow_altar,
          nemelex_diamond_rough_becter, kennysheep_orc_monster_closet_entryway,
          uniq_erica
D:10:     layout_long_grid, dpeg_lair_monsters, nicolae_wwwww, minmay_librarian
D:11:     layout_stronghold, uniq_nergalle, uniq_sonja, uniq_maurice, uniq_urug
D:12:     minmay_dotted_concentric_squares, layout_loops_corners,
          enter_bailey_3, gammafunk_ghost_necromancy, minmay_microvault,
          uniq_kirke

Skill      XL: |  1  2  3  4  5  6  7  8  9 10 11 12 13 |
---------------+----------------------------------------+-----
Axes           | 4 5 6 7 8 9 11 12 13 | 13.7
Fighting       | 4 5 6 7 9 10 11 12 13 | 13.2
Armour         | 3 4 5 7 9 10 12 13 14 15 | 15.3
Shields        | 1 2 4 5 6 |  6.5
Dodging        | 3 4 6 |  6.8
Evocations     | 2 |  2.2
Stealth        | 1 |  1.3

Action                   |  1- 3 |  4- 6 |  7- 9 | 10-12 | 13-15 || total
-------------------------+-------+-------+-------+-------+-------++-------
Melee: Hand axe          |    80 |   114 |   251 |   221 |       ||   666
       Headbutt          |    14 |    23 |    51 |    65 |    15 ||   168
       Broad axe         |       |       |       |    57 |    92 ||   149
Invok: Berserk           |     2 |     1 |     5 |     8 |     2 ||    18
       Trog's Hand       |       |       |       |     1 |     2 ||     3
Evoke: Wand              |       |       |       |       |     2 ||     2
  Use: Scroll            |     1 |     1 |       |    10 |     4 ||    16
       Potion            |       |       |       |     5 |     2 ||     7
 Stab: Distracted        |       |       |       |     1 |       ||     1
Armor: Animal skin       |    11 |       |       |       |       ||    11
       Chain mail        |    27 |    76 |   129 |   157 |    37 ||   426
       Skin              |       |       |       |     1 |       ||     1
Dodge: Dodged            |    42 |    49 |   113 |   162 |    50 ||   416
Block: Other             |       |    10 |    59 |    77 |    24 ||   170
       Reflection        |       |       |     2 |     4 |     1 ||     7

Table legend: (Time is in decaauts)
 A = Elapsed time spent in this place.
 B = Non-inter-level travel time spent in this place.
 C = Inter-level travel time spent in this place.
 D = Time resting spent in this place.
 E = Time spent auto-exploring this place.
 F = Levels seen in this place.
 G = Mean time per level.
                   A        B        C        D        E       F      G
               +--------+--------+--------+--------+--------+-----+--------+
         Total |  13274 |  12947 |    327 |   1683 |   9479 |  13 | 1021.1 |
       Dungeon |  12431 |  12104 |    327 |   1183 |   9258 |  12 | 1035.9 |
        Bailey |    843 |    843 |      0 |    499 |    221 |   1 |  843.0 |
               +--------+--------+--------+--------+--------+-----+--------+

Top non-repeatable levels by time:
    D:11: 1867 daAuts
     D:9: 1450 daAuts
     D:8: 1383 daAuts
    D:10: 1262 daAuts
     D:5: 1175 daAuts
     D:6: 1139 daAuts
     D:1: 1101 daAuts
     D:2: 925 daAuts
     D:7: 852 daAuts
  Bailey: 843 daAuts
     D:4: 531 daAuts
     D:3: 380 daAuts
    D:12: 361 daAuts
